 Dungeon Crawl Stone Soup version 0.24-a0-335-g06ca16a (webtiles) character file.

Game seed: 5252088214625450898

6629 mhoghedin the Reanimator (level 10, -13/68 HPs)
             Began as a Mummy Necromancer on May 19, 2019.
             Was a Believer of Vehumet.
             Mangled by a komodo dragon (24 damage)
             ... on level 2 of the Lair of Beasts.
             The game lasted 00:27:06 (12362 turns).

mhoghedin the Reanimator (Mummy Necromancer)       Turns: 12362, Time: 00:27:07

Health: -13/68     AC:  7    Str: 12    XL:     10   Next: 72%
Magic:  13/25      EV: 16    Int: 18    God:    Vehumet [**....]
Gold:   172        SH:  0    Dex: 12    Spells: 3/17 levels left

rFire    . . .     SeeInvis .   a - +7 Spriggan's Knife {stab, EV+4 Stlth+}
rCold    + . .     Gourm    .   (no shield)
rNeg     + + +     Faith    .   e - +2 leather armour {rF+}
rPois    ∞         Spirit   .   f - +0 helmet
rElec    .         Reflect  .   x - scarf {cloud immunity}
rCorr    .         Harm     .   (no gloves)
MR       +....                  q - +0 pair of boots
Stlth    ++++......             (no amulet)
HPRegen  0.21/turn              A - ring of magical power {MP+9}
MPRegen  0.19/turn              (no ring)

@: no status effects
A: no food or potions, fire vulnerability, cold resistance 1, negative energy
resistance 3, torment resistance, unbreathing
a: Renounce Religion


You were on level 2 of the Lair of Beasts.
You worshipped Vehumet.
Vehumet was pleased with you.
You were not hungry.

You visited 2 branches of the dungeon, and saw 10 of its levels.

You collected 532 gold pieces.
You spent 360 gold pieces at shops.

Inventory:

Hand Weapons
 a - the +7 Spriggan's Knife (weapon) {stab, EV+4 Stlth+}
   (You found it on level 7 of the Dungeon)

   It affects your evasion (+4).
   It makes you more stealthy.
 s - a +3 quarterstaff of chaos
   (You took it off Crazy Yiuf on level 5 of the Dungeon)
Missiles
 B - 4 atropa-tipped darts (quivered)
Armour
 e - a +2 leather armour of fire resistance (worn)
   (You took it off an orc priest on level 4 of the Dungeon)
 f - a +0 helmet (worn)
   (You found it on level 1 of the Dungeon)
 q - a +0 pair of boots (worn)
   (You found it on level 4 of the Dungeon)
 x - a scarf of cloud immunity (worn)
   (You bought it in a shop on level 8 of the Dungeon)
Magical Staves
 b - an uncursed staff of conjuration {!a}
   (You found it on level 3 of the Dungeon)
Jewellery
 A - a ring of magical power (left hand) {MP+9}
   (You found it on level 8 of the Dungeon)
Wands
 j - a wand of polymorph (3)
   (You found it on level 2 of the Dungeon)
 k - a wand of iceblast (2)
   (You found it on level 4 of the Dungeon)
 r - a wand of random effects (19)
   (You found it on level 5 of the Dungeon)
 u - a wand of paralysis (8)
   (You found it on level 6 of the Dungeon)
 y - a wand of digging (5)
   (You took it off Dowan on level 7 of the Dungeon)
Scrolls
 c - 2 scrolls of blinking {!r}
 d - a scroll of brand weapon
 g - 9 scrolls of teleportation
 h - 3 scrolls of identify
 i - 7 scrolls of remove curse
 l - 3 scrolls of amnesia
 m - 7 scrolls of immolation {!r}
 n - 3 scrolls of enchant weapon
 o - a scroll of magic mapping {!r}
 p - a scroll of fear
 t - 2 scrolls of enchant armour
 v - a scroll of noise {!r}
 w - 2 scrolls of fog
 z - a scroll of torment


   Skills:
 - Level 2.6 Fighting
 - Level 6.7 Short Blades
   Level 0.8(1.7) Polearms
 - Level 2.3(2.4) Staves
 - Level 4.0 Throwing
 - Level 2.2 Armour
 - Level 2.8 Dodging
 - Level 7.6 Stealth
 - Level 4.2 Spellcasting
 + Level 1.2 Conjurations
 - Level 8.3 Necromancy
 + Level 1.2 Air Magic
 + Level 1.2 Poison Magic
 - Level 0.7 Evocations


You had 3 spell levels left.
You knew the following spells:

 Your Spells              Type           Power        Failure   Level  Hunger
a - Pain                  Necr           ####         1%          1    N/A
b - Animate Dead          Necr           N/A          6%          4    N/A
c - Blink                 Tloc           N/A          28%         2    N/A
d - Mephitic Cloud        Conj/Pois/Air  #.......     32%         3    N/A
x - Vampiric Draining     Necr           ####......   1%          3    N/A
A - Animate Skeleton      Necr           N/A          1%          1    N/A

Your spell library contained the following spells:

 Spells                   Type           Power        Failure   Level  Hunger
 Sandblast                Erth           #.....       19%         1    N/A
 Magic Dart               Conj           #...         11%         1    N/A
 Call Imp                 Summ           #.......     28%         2    N/A
 Slow                     Hex            #.......     28%         2    N/A
 Conjure Flame            Conj/Fire      #.......     38%         3    N/A
 Regeneration             Chrm/Necr      Unusable     N/A         3    N/A

Dungeon Overview and Level Annotations

Branches:
Dungeon (8/15)             Temple (0/1) D:7            Lair (2/6) D:8
  Swamp: Lair:2-4    Shoals: Lair:2-4     Snake: Lair:2-4    Spider: Lair:2-4

Altars:
Dithmenos
Fedhas
Hepliaklqana
Kikubaaqudgha
Qazlal
Sif Muna
Uskayaw
Vehumet

Shops:
D:8 ?:(([

Annotations:
D:4 exclusion: 3 doors


Innate Abilities, Weirdness & Mutations

You do not eat or drink.
Your flesh is vulnerable to fire.
You are immune to poison.
Your flesh is cold resistant. (rC+)
You are immune to negative energy. (rN+++)
You are immune to unholy pain and torment.
You can survive without breathing.


Message History

You now have 23/25 mp.
Aim: a crocodile (heavily wounded, chance to defeat MR: 84%)
The crocodile writhes in agony.
The crocodile bites you but does no damage.
You now have 22/25 mp.
Aim: a crocodile (severely wounded, chance to defeat MR: 84%)
The crocodile writhes in agony!
The crocodile bites you!
You take 16 damage, and have 41/68 hp.
MASSIVE DAMAGE!!
You now have 21/25 mp.
Aim: a crocodile (almost dead, chance to defeat MR: 84%)
The crocodile writhes in agony.
You kill the crocodile!
Vehumet accepts your kill.
You call on the dead to rise...
The dead are walking!
The komodo dragon hisses menacingly.
You now have 17/25 mp.
Your crocodile zombie bites the komodo dragon.
You hit the komodo dragon but do no damage.
Aim: a komodo dragon (lightly wounded)
You miscast Vampiric Draining.
You are very lightly contaminated with residual magic.
Strange energies run through your body. The komodo dragon closely misses you.
You now have 15/25 mp.
Aim: a komodo dragon (lightly wounded)
You feel life coursing into your body. The komodo dragon closely misses you.
Your crocodile zombie barely misses the komodo dragon.
You regained 5 hp, and now have 47/68 hp.
You now have 12/25 mp.
Aim: a komodo dragon (moderately wounded)
You feel life coursing into your body. The komodo dragon bites you!!
Your crocodile zombie bites the komodo dragon!
You take 14 damage, and have 33/68 hp.
MASSIVE DAMAGE!!
You now have 9/25 mp.
The helpless komodo dragon fails to defend itself.
You stick the komodo dragon like a pincushion!!!
You kill the komodo dragon!
Vehumet accepts your kill.
You feel your power returning.
Your Conjurations skill increases to level 1!
Your Air Magic skill increases to level 1!
Your Poison Magic skill increases to level 1!
You start resting.
A wolf comes into view.
You regained 4 hp, and now have 38/68 hp.
You regained 4 mp, and now have 14/25 mp.
Your magical contamination has completely faded away.
What are your orders? t - Shout!
Orders for allies: a - Attack new target. r - Retreat! s - Stop attacking. g - Guard the area. f - Follow me.
Anything else - Cancel.
Gang up on whom?
Aim: a wolf Attack!
You call on the dead to rise...
The dead are walking!
The wolf bites your crocodile zombie!
Your crocodile zombie bites the wolf!
You now have 11/25 mp.
The wolf completely misses you.
You hit the wolf but do no damage.
Your crocodile zombie barely misses the wolf.
Your komodo dragon zombie bites the wolf.
The wolf misses you.
You hit the wolf but do no damage. The wolf bites you!
You take 7 damage, and have 32/68 hp.
You hit the wolf.
Your crocodile zombie bites the wolf but does no damage.
Your komodo dragon zombie barely misses the wolf.
The wolf completely misses you.
You barely miss the wolf.
A wolf comes into view. x3
The wolf barely misses you.
You barely miss the wolf.
Your crocodile zombie barely misses the wolf.
Your komodo dragon zombie bites the wolf!
The wolf bites your komodo dragon zombie!
The wolf enters a dispersal trap!
The wolf blinks! x2
The komodo dragon blinks! x2; The wolf blinks!
Your crocodile zombie blinks!
Your komodo dragon zombie blinks!
You blink.
The wolf blinks!
The wolf bites your komodo dragon zombie.
Your komodo dragon zombie closely misses the wolf.
The wolf bites your komodo dragon zombie!
The wolf bites your komodo dragon zombie.
Your komodo dragon zombie bites the wolf!
The wolf dies!
Vehumet accepts your kill. The komodo dragon bites you!!
* * * LOW HITPOINT WARNING * * *
There is a stone staircase leading up here.
You take 23 damage, and have 10/68 hp.
MASSIVE DAMAGE!!
Really read
c - 2 scrolls of blinking {!r}?
Okay, then.
Unknown command.
The wolf misses you. The komodo dragon bites you!!
You die...

#+#.. .......# P.%...
........###########.....
..#P+##...##...##.#.....
........................
........................
........................
........Z...............
.......@h...........<..t
........l.....Z.........
...(...hh.h.............
........................
............^...........
........................
........................
........................
...................t....


You could see a komodo dragon, 4 wolves, a friendly komodo dragon zombie and a
friendly crocodile zombie.

Vanquished Creatures
  Nergalle (Lair:1)
  Joseph (D:7)
  A spiny frog (Lair:1)
  A komodo dragon (Lair:2)
  4 hippogriffs
  Sigmund (D:3)
  A wyvern (D:8)
  4 yaks
  A hungry ghost (D:7)
  2 water moccasins (Lair:1)
  2 porcupines (Lair:1)
  Duvessa (D:7)
  2 phantoms
  A sky beast (D:5)
  An ice beast (D:7)
  A necrophage (D:8)
  3 ogres
  2 centaurs
  3 crocodiles
  9 bullfrogs
  Blork the orc (D:5)
  Dowan (D:7)
  A water moccasin zombie (D:8)
  A water moccasin skeleton (D:4)
  3 scorpions
  3 killer bees (D:8)
  A centaur zombie (D:8)
  4 crimson imps
  A jelly (D:6)
  A hound (D:8)
  Crazy Yiuf (D:5)
  2 gnoll shamans
  5 orc priests
  4 orc wizards
  A centaur skeleton (D:8)
  2 iguanas (D:7)
  3 worker ants
  A hound zombie (D:8)
  2 hound skeletons
  12 gnolls
  9 adders
  A shadow imp (D:6)
  A white imp (D:4)
  2 oozes
  An adder skeleton (D:4)
  A worm (D:2)
  4 leopard geckos
  20 orcs
  7 giant cockroaches
  5 goblins
  3 hobgoblins
  A jackal (D:3)
  6 kobolds
  4 quokkas
  2 ball pythons
  7 bats
  2 frilled lizards
  2 leopard gecko skeletons
  A quokka skeleton (D:8)
  2 rats
173 creatures vanquished.

Vanquished Creatures (collateral kills)
  A wolf (Lair:2)
  An orc priest (D:4)
  2 worker ants (D:4)
  An adder (D:3)
  An orc (D:4)
  A jackal (D:3)
  A quokka (D:5)
8 creatures vanquished.

Vanquished Creatures (others)
  An orc wizard (D:4)
  A fungus (Lair:2)
2 creatures vanquished.

Grand Total: 183 creatures vanquished

Notes
Turn   | Place    | Note
-------+----------+-------------------------------------------
     0 | D:1      | mhoghedin the Mummy Necromancer began the quest for the
                  | Orb.
     0 | D:1      | Reached XP level 1. HP: 13/13 MP: 4/4
   368 | D:1      | Reached skill level 3 in Spellcasting
   406 | D:1      | Reached XP level 2. HP: 19/19 MP: 0/6
  1160 | D:2      | Learned a level 1 spell: Animate Skeleton
  1233 | D:2      | Reached XP level 3. HP: 24/24 MP: 2/8
  1696 | D:2      | Found a stormy altar of Qazlal.
  1795 | D:2      | Reached skill level 4 in Spellcasting
  1893 | D:2      | Learned a level 3 spell: Vampiric Draining
  2251 | D:3      | Noticed Sigmund
  2257 | D:3      | Found a shadowy altar of Dithmenos.
  2265 | D:3      | Reached XP level 4. HP: 30/30 MP: 1/10
  2377 | D:3      | Learned a level 4 spell: Animate Dead
  2395 | D:3      | Reached skill level 5 in Necromancy
  2646 | D:4      | Reached XP level 5. HP: 33/35 MP: 7/11
  2700 | D:4      | Reached skill level 6 in Necromancy
  2703 | D:5      | Entered Level 5 of the Dungeon
  2909 | D:4      | HP: 8/35 [gnoll/+0 spear (8)]
  4187 | D:3      | Reached XP level 6. HP: 26/41 MP: 0/12
  4518 | D:4      | Reached skill level 7 in Necromancy
  4608 | D:4      | Noticed Grinder
  4611 | D:4      | Noticed Grinder
  4611 | D:4      | Grinder changed into Grinder the white imp
  4616 | D:4      | Killed Grinder the white imp
  4716 | D:4      | Found a blossoming altar of Fedhas.
  4738 | D:4      | Noticed a hornet
  4738 | D:4      | an ogre changed into a hornet
  5528 | D:5      | Reached skill level 8 in Necromancy
  5528 | D:5      | Reached XP level 7. HP: 19/46 MP: 13/13
  5728 | D:5      | Found an ancient bone altar of Kikubaaqudgha.
  5933 | D:5      | Noticed Blork the orc
  5945 | D:5      | Killed Blork the orc
  6060 | D:5      | Found a runed translucent door.
  6061 | D:5      | Noticed Crazy Yiuf
  6088 | D:5      | Killed Crazy Yiuf
  6088 | D:5      | Reached skill level 1 in Fighting
  6444 | D:5      | Found a radiant altar of Vehumet.
  6636 | D:5      | Became a worshipper of Vehumet
  6718 | D:6      | Reached skill level 2 in Dodging
  6740 | D:6      | Reached skill level 1 in Armour
  7169 | D:6      | Reached skill level 1 in Staves
  7340 | D:6      | Reached skill level 2 in Fighting
  7527 | D:6      | Reached XP level 8. HP: 46/56 MP: 14/14
  7535 | D:6      | Reached skill level 2 in Armour
  7636 | D:3      | Killed Sigmund
  7791 | D:7      | Found the +7 Spriggan's Knife {stab, EV+4 Stlth+}
  7803 | D:7      | Noticed a hippogriff
  7820 | D:7      | Killed a hippogriff
  7820 | D:7      | Reached skill level 1 in Short Blades
  7820 | D:7      | Reached skill level 2 in Staves
  7820 | D:7      | Reached skill level 2 in Stealth
  7997 | D:7      | Found a deep blue altar of Sif Muna.
  8056 | D:7      | Found an ancient bone altar of Kikubaaqudgha.
  8100 | D:7      | Reached skill level 2 in Short Blades
  8100 | D:7      | Reached skill level 3 in Stealth
  8147 | D:7      | Reached skill level 1 in Throwing
  8329 | D:7      | Reached * piety under Vehumet
  8329 | D:7      | Offered knowledge of Shock by Vehumet.
  8437 | D:7      | Reached XP level 9. HP: 62/62 MP: 15/15
  8606 | D:7      | Noticed Duvessa
  8607 | D:7      | Noticed Dowan
  8620 | D:7      | Killed Duvessa
  8620 | D:7      | Reached skill level 3 in Short Blades
  8621 | D:7      | Killed Dowan
  8621 | D:7      | Reached skill level 2 in Throwing
  8621 | D:7      | Reached skill level 4 in Stealth
  8622 | D:7      | Found a staircase to the Ecumenical Temple.
  8795 | D:7      | Noticed Joseph
  8807 | D:7      | Killed Joseph
  9125 | D:7      | Found a blossoming altar of Fedhas.
  9125 | D:7      | Found a hide-covered altar of Uskayaw.
  9126 | D:7      | Found a hazy altar of Hepliaklqana.
  9470 | D:8      | Found Hitetergh's Antique Weapon Emporium.
  9472 | D:8      | Found a staircase to the Lair.
  9638 | D:8      | Reached skill level 3 in Throwing
  9741 | D:8      | Reached skill level 4 in Short Blades
  9769 | D:8      | Found Neziudut's Antique Armour Shop.
  9774 | D:8      | Reached skill level 5 in Stealth
  9994 | D:8      | Bought an embroidered scarf for 160 gold pieces
 10177 | D:8      | Found Wikhliyni's Antique Weapon Shoppe.
 10273 | D:8      | Found Lociw's Magic Scroll Boutique.
 10278 | D:8      | Bought a scroll of teleportation for 48 gold pieces
 10278 | D:8      | Bought a scroll of amnesia for 56 gold pieces
 10278 | D:8      | Bought a scroll of teleportation for 48 gold pieces
 10278 | D:8      | Bought a scroll of teleportation for 48 gold pieces
 10282 | D:8      | Found Fayfeu's Book Emporium.
 10323 | D:8      | Offered knowledge of Sandblast by Vehumet.
 10325 | D:8      | Reached skill level 4 in Throwing
 10507 | D:8      | Reached ** piety under Vehumet
 10681 | D:8      | Reached skill level 5 in Short Blades
 10681 | D:8      | Reached skill level 6 in Stealth
 10681 | D:8      | Reached XP level 10. HP: 40/68 MP: 16/16
 10983 | Lair:1   | Entered Level 1 of the Lair of Beasts
 11065 | Lair:1   | HP: 15/68 [yak (13)]
 11350 | Lair:1   | Learned a level 2 spell: Blink
 11354 | Lair:1   | Learned a level 3 spell: Mephitic Cloud
 11393 | Lair:1   | Noticed Nergalle
 11403 | Lair:1   | Killed Nergalle
 11403 | Lair:1   | Reached skill level 6 in Short Blades
 11403 | Lair:1   | Reached skill level 7 in Stealth
 11866 | Lair:1   | Noticed a spiny frog
 11880 | Lair:1   | Killed a spiny frog
 12327 | Lair:2   | Reached skill level 1 in Conjurations
 12327 | Lair:2   | Reached skill level 1 in Air Magic
 12327 | Lair:2   | Reached skill level 1 in Poison Magic
 12361 | Lair:2   | HP: 10/68 [komodo dragon (23)]
 12362 | Lair:2   | Mangled by a komodo dragon

Levels and vault maps discovered:
D:1:      wheals_arrival_linesprint, layout_rooms, grunt_decor_cap,
          hangedman_decor_growths
D:2:      layout_basic, marbit_many_paths
D:3:      layout_loops_ring, nicolae_dithmenos_through_a_glass_darkly,
          uniq_sigmund
D:4:      layout_gridville, first_ration, fedhas_altar_1, uniq_grinder
D:5:      layout_loops_corners, kennysheep_mini_moat, basic_altar,
          uniq_crazy_yiuf_cottage, uniq_blork_the_orc
D:6:      layout_loops_cross
D:7:      layout_basic, lemuel_doored_altar, nicolae_overflow_crystal_walls,
          gammafunk_temple_overflow_forgotten, minmay_temple_entry_glass,
          uniq_duvessa, uniq_joseph
D:8:      layout_loops_ring, lair_entry_dummy, serial_shops,
          nicolae_shop_window_shopping, shop, shop_scrolls,
          nicolae_shop_waterfront, nicolae_shop_overgrown_old_shop
Lair:1:   layout_roguey, chequers_serial_rivers_large_a, minivault_27,
          lemuel_fruit_tree, uniq_nergalle
Lair:2:   layout_chaotic_city, palyth_hydra_swamp_entry

Skill      XL: |  1  2  3  4  5  6  7  8  9 10 |
---------------+-------------------------------+-----
Spellcasting   | 3 4 |  4.2
Necromancy     | 5 6 8 |  8.3
Fighting       | 2 |  2.6
Dodging        | 2 |  2.8
Armour         | 1 2 |  2.2
Staves         | 1 2 |  2.3
Short Blades   | 2 5 6 |  6.7
Stealth        | 3 6 7 |  7.6
Throwing       | 1 4 |  4.0
Conjurations   | 1 |  1.2
Air Magic      | 1 |  1.2
Poison Magic   | 1 |  1.2
Polearms       | |  0.8
Evocations     | |  0.7

Action                   |  1- 3 |  4- 6 |  7- 9 | 10-12 || total
-------------------------+-------+-------+-------+-------++-------
Melee: Dagger            |    14 |       |       |       ||    14
       Trident           |    18 |   122 |    19 |       ||   159
       Quarterstaff      |       |       |    75 |       ||    75
       Knife             |       |       |   218 |    74 ||   292
Throw: Dart              |       |     2 |    39 |     8 ||    49
 Cast: Pain              |    50 |    73 |    16 |     9 ||   148
       Animate Skeleton  |     1 |     4 |       |       ||     5
       Animate Dead      |       |     8 |     3 |    10 ||    21
       Vampiric Draining |       |     6 |    11 |    19 ||    36
Evoke: Wand              |       |     7 |     6 |       ||    13
  Use: Scroll            |       |     8 |     7 |     3 ||    18
 Stab: Sleeping          |     5 |     2 |    31 |    12 ||    50
       Distracted        |       |     1 |       |       ||     1
       Paralysed         |       |       |     5 |       ||     5
Armor: Robe              |    12 |    18 |       |       ||    30
       Leather armour    |       |    30 |    91 |    17 ||   138
Dodge: Dodged            |    34 |    94 |   221 |    55 ||   404

Table legend:
 A = Non-vault XP
 B = Vault XP
 C = Vault XP percentage of total XP
 D = Non-vault monster count
 E = Vault monster count
 F = Vault count percentage of total count
                 A         B        C        D         E       F
            +---------+---------+-------+---------+---------+-------
      Total |    7667 |    1803 |  19.0 |     172 |       9 |   5.0
            +---------+---------+-------+---------+---------+-------
        D:1 |      24 |       0 |   0.0 |      11 |       0 |   0.0
        D:2 |      67 |       2 |   2.9 |      14 |       1 |   6.7
        D:3 |     109 |     223 |  67.2 |      23 |       1 |   4.2
        D:4 |     416 |      10 |   2.3 |      21 |       1 |   4.5
        D:5 |     367 |     120 |  24.6 |       9 |       2 |  18.2
        D:6 |     424 |       0 |   0.0 |      13 |       0 |   0.0
        D:7 |    1268 |     671 |  34.6 |      23 |       3 |  11.5
        D:8 |    2638 |       0 |   0.0 |      42 |       0 |   0.0
     Lair:1 |    1888 |     777 |  29.2 |      13 |       1 |   7.1
     Lair:2 |     466 |       0 |   0.0 |       3 |       0 |   0.0
            +---------+---------+-------+---------+---------+-------

Levels and vault maps discovered:
D:1:      wheals_arrival_linesprint, layout_rooms, grunt_decor_cap,
          hangedman_decor_growths
D:2:      layout_basic, marbit_many_paths
D:3:      layout_loops_ring, nicolae_dithmenos_through_a_glass_darkly,
          uniq_sigmund
D:4:      layout_gridville, first_ration, fedhas_altar_1, uniq_grinder
D:5:      layout_loops_corners, kennysheep_mini_moat, basic_altar,
          uniq_crazy_yiuf_cottage, uniq_blork_the_orc
D:6:      layout_loops_cross
D:7:      layout_basic, lemuel_doored_altar, nicolae_overflow_crystal_walls,
          gammafunk_temple_overflow_forgotten, minmay_temple_entry_glass,
          uniq_duvessa, uniq_joseph
D:8:      layout_loops_ring, lair_entry_dummy, serial_shops,
          nicolae_shop_window_shopping, shop, shop_scrolls,
          nicolae_shop_waterfront, nicolae_shop_overgrown_old_shop
Lair:1:   layout_roguey, chequers_serial_rivers_large_a, minivault_27,
          lemuel_fruit_tree, uniq_nergalle
Lair:2:   layout_chaotic_city, palyth_hydra_swamp_entry

Table legend:
 A = Turns spent in this place as a percentage of turns spent in the entire game.
 B = Non-inter-level travel turns spent in this place as a percentage of non-inter-level travel turns spent in the entire game.
 C = Inter-level travel turns spent in this place as a percentage of turns spent in this place.
 D = Turns resting spent in this place as a percentage of non-inter-level travel turns spent in this place.
 E = Turns spent auto-exploring this place as a percentage of non-inter-level travel turns spent in this place.
 F = Non-inter-level travel turns spent in this place divided by the number of levels of this place that you've seen.
                   A       B       C       D       E      F
               +-------+-------+-------+-------+-------+----------------------
         Total | 100.0 | 100.0 |   5.9 |  33.0 |  47.3 | 1163.3
       Dungeon |  90.5 |  90.8 |   5.6 |  34.8 |  46.2 | 1320.1
          Lair |   9.5 |   9.2 |   8.6 |  15.8 |  57.7 | 536.0
               +-------+-------+-------+-------+-------+----------------------

Table legend:
 A = Kills in this place as a percentage of kills in entire the game.
 B = Kills by you in this place as a percentage of kills by you in the entire game.
 C = Kills by friends in this place as a percentage of kills by friends in the entire game.
 D = Other kills in this place as a percentage of other kills in the entire game.
 E = Experience gained in this place as a percentage of experience gained in the entire game.
 F = Experience gained in this place divided by the number of levels of this place that you have seen.
                   A       B       C       D       E      F
               +-------+-------+-------+-------+-------+----------------------
         Total | 100.0 | 100.0 | 100.0 |   N/A | 100.0 | 947.0
       Dungeon |  90.6 |  90.8 |  87.5 |   N/A |  66.9 | 792.4
          Lair |   9.4 |   9.2 |  12.5 |   N/A |  33.1 | 1565.5
               +-------+-------+-------+-------+-------+----------------------
